 Dungeon Crawl Stone Soup version 0.23.2-40-g277498a (webtiles) character file.

Game seed: 3787130248050239659

8444 CrazyJ the Spear-Bearer (level 11, -2/82 HPs)
             Began as a Merfolk Skald on Sept 10, 2019.
             Was an Elder of Nemelex Xobeh.
             Shot with an arrow by a centaur warrior (12 damage)
             ... on level 11 of the Dungeon.
             The game lasted 01:14:05 (10768 turns).

CrazyJ the Spear-Bearer (Merfolk Skald)            Turns: 10768, Time: 01:14:06

Health: -2/82      AC: 13    Str: 13    XL:     11   Next: 31%
Magic:  19/19      EV: 24    Int: 13    God:    Nemelex Xobeh [****..]
Gold:   369        SH:  7    Dex: 20    Spells: 9/20 levels left

rFire    . . .     SeeInvis .   u - +4 trident (freeze)
rCold    . . .     Gourm    .   p - +1 buckler
rNeg     + . .     Faith    .   f - +5 ring mail {rPois}
rPois    +         Spirit   .   (no helmet)
rElec    .         Reflect  .   a - +0 cloak "Ygoneqad" {rN+}
rCorr    .         Harm     .   Z - +0 pair of gloves
MR       +....                  (no boots)
Stlth    ++........             B - amulet of regeneration
HPRegen  0.63/turn              g - ring of protection from magic
MPRegen  0.16/turn              N - +3 ring of evasion

@: agile, about to teleport
A: change form in water, swift swim, stealthy swim
a: Draw Escape, Draw Destruction, Draw Summoning, Triple Draw, Deal Four,
Renounce Religion


You were on level 11 of the Dungeon.
You worshipped Nemelex Xobeh.
Nemelex Xobeh was greatly pleased with you.
You were hungry.

You visited 2 branches of the dungeon, and saw 12 of its levels.

You collected 616 gold pieces.
You spent 247 gold pieces at shops.

Inventory:

Hand Weapons
 e - a +5 spear of freezing
 u - a +4 trident of freezing (weapon)
 I - a +0 blowgun
 Q - the +11 mace of Vodka {speed, rN++ Str+4 Dex-4}
   (You found it on level 6 of the Dungeon)

   Attacks with this weapon are significantly faster.
   It affects your strength (+4).
   It affects your dexterity (-4).
   It greatly protects you from negative energy.
 V - a +3 halberd
Missiles
 k - 332 stones (quivered)
 r - 32 poisoned needles
 v - 3 tomahawks of dispersal
 O - 25 sling bullets
Armour
 a - the +0 cloak "Ygoneqad" (worn) {rN+}
   (You found it on level 10 of the Dungeon)

   It protects you from negative energy.
 f - a +5 ring mail of poison resistance (worn)
 h - a +2 troll leather armour {Snorg}
 p - a +1 buckler (worn)
 K - a +0 cloak
 W - a +1 leather armour of cold resistance
 X - a +0 pair of gloves
 Z - a +0 pair of gloves (worn)
Jewellery
 g - a ring of protection from magic (left hand)
 j - an uncursed ring of positive energy
 B - an amulet of regeneration (around neck)
 H - an uncursed ring of stealth
 N - a +3 ring of evasion (right hand)
 T - an uncursed ring of fire
Wands
 b - a wand of enslavement (19)
 z - a wand of clouds (5)
 A - a wand of polymorph (6)
 J - a wand of digging (13)
 S - a wand of iceblast (18)
 Y - a wand of acid (9)
Scrolls
 c - 3 scrolls of fear {unknown}
 i - a scroll of fog {unknown}
 q - 4 scrolls of remove curse
 s - a scroll of brand weapon {unknown}
 t - a scroll of noise {unknown}
 x - 3 scrolls of amnesia {unknown}
 y - a scroll of vulnerability {unknown}
 C - 3 scrolls of teleportation
 D - 2 scrolls of blinking {unknown}
 E - 10 scrolls of identify
 L - 2 scrolls of random uselessness {unknown}
 M - a scroll of immolation {unknown}
 R - a scroll of summoning {unknown}
Potions
 n - a potion of might {unknown}
 o - 2 potions of flight
 w - a potion of lignification {unknown}
 F - a potion of magic {unknown}
 G - a potion of agility
 P - a potion of degeneration {unknown}
 U - a potion of haste {unknown}
Comestibles
 d - 24 rations


   Skills:
 + Level 6.3 Fighting
 * Level 11.2 Polearms
 + Level 4.0 Armour
 + Level 7.7 Dodging
 + Level 5.1 Shields
 + Level 5.3 Spellcasting
 + Level 1.4 Hexes
 + Level 8.2 Charms
 - Level 2.4 Translocations
 + Level 5.8 Invocations


You had 9 spell levels left.
You knew the following spells:

 Your Spells              Type           Power        Failure   Level  Hunger
a - Infusion              Chrm           ####         1%          1    None
b - Song of Slaying       Chrm           ####....     1%          2    ##.....
c - Shroud of Golubria    Chrm/Tloc      ###.......   6%          2    ##.....
d - Regeneration          Chrm/Necr      ##........   21%         3    ###....
e - Spectral Weapon       Hex/Chrm       ###.....     16%         3    ###....

Your spell library contained the following spells:

 Spells                   Type           Power        Failure   Level  Hunger


Dungeon Overview and Level Annotations

Branches:
Dungeon (11/15)            Temple (1/1) D:6
   Lair: D:8-11         Orc: D:9-12

Altars:
Nemelex Xobeh
Okawaru
Wu Jian

Shops:
D:4 [   D:5 *?(   D:6 *   D:11 ?


Message History

You blow up the scorpion!
Your orb of destruction hits a rock wall.
The centaur warrior shoots an arrow.
You block the arrow.
The centaur warrior shoots an arrow.
The arrow hits you!
* * * LOW HITPOINT WARNING * * *
You see here an arrow.
Okay, then.
Okay, then.
Okay, then.
Okay, then.
Okay, then.
As you read the scroll of teleportation, it crumbles to dust.
You feel strangely unstable.
Your orb of destruction hits a rock wall.
The centaur warrior shoots an arrow.
You block the arrow.
The cyclops throws a large rock.
You block the large rock.
The cyclops throws a large rock.
The large rock misses you.
The centaur warrior shoots an arrow.
The arrow hits you!
You die...
Your body glows slightly and disappears.

#.........}.....#........#.<
#...............#........#..
#...c.Z.........#........##.
##..@.C.##########...<...##.
##......##○...○.##.......##.
#......○..°.....##.......##.
#.......(.°.○○...........)..
#.........(°................
#..%....°°(@................
############################


You could see a centaur warrior, a cyclops, a wyvern skeleton and the friendly
CrazyJ's illusion.

Vanquished Creatures
  Erica (D:11)
  Maurice (D:10)
  A centaur zombie (D:9)
  4 gargoyles
  A freezing wraith (D:11)
  A troll (D:6)
  Sigmund (D:5)
  A hungry ghost (D:7)
  2 wraiths (D:11)
  3 soldier ants
  2 water moccasins
  2 orc warriors
  A black bear (D:5)
  2 ice beasts
  An ogre (D:11)
  A necrophage (D:9)
  3 phantoms
  4 centaurs
  A crocodile (D:10)
  3 bullfrogs (D:8)
  A gnoll sergeant (D:6)
  A scorpion (D:11)
  A howler monkey (D:3)
  3 wights (D:7)
  3 crimson imps
  A bullfrog skeleton (D:5)
  6 hounds
  3 orc priests
  4 iguanas
  5 orc wizards
  5 worker ants
  A hound zombie (D:8)
  8 gnolls
  2 howler monkey skeletons
  8 adders
  2 oozes
  2 adder skeletons
  4 worms
  3 dart slugs
  4 leopard geckos
  46 orcs
  5 bats
  6 giant cockroaches
  6 goblins
  6 hobgoblins
  6 jackals
  9 kobolds
  4 quokkas
  2 frilled lizards
  11 rats
204 creatures vanquished.

Vanquished Creatures (collateral kills)
  Snorg (D:11)
  An orange demon (D:10)
  A gargoyle (D:7)
  A troll (D:11)
  2 yaks (D:10)
  A sky beast (D:11)
  A bullfrog (D:11)
  A quasit (D:11)
9 creatures vanquished.

Vanquished Creatures (others)
  2 wights (D:7)
  A crimson imp (D:11)
  A ball lightning (D:7)
  2 orcs (D:8)
6 creatures vanquished.

Grand Total: 219 creatures vanquished

Notes
Turn   | Place    | Note
-------+----------+-------------------------------------------
     0 | D:1      | CrazyJ the Merfolk Skald began the quest for the Orb.
     0 | D:1      | Reached XP level 1. HP: 16/16 MP: 3/3
    37 | D:1      | Found a sparkling altar of Nemelex Xobeh.
    45 | D:1      | Became a worshipper of Nemelex Xobeh the Trickster
    94 | D:1      | Received a gift from Nemelex Xobeh
   312 | D:1      | Reached XP level 2. HP: 22/22 MP: 5/5
   852 | D:2      | Received a gift from Nemelex Xobeh
  1063 | D:2      | Reached XP level 3. HP: 21/28 MP: 6/6
  1657 | D:2      | Reached * piety under Nemelex Xobeh
  1904 | D:2      | Learned a level 2 spell: Song of Slaying
  2059 | D:2      | Reached skill level 1 in Armour
  2249 | D:2      | Reached XP level 4. HP: 18/34 MP: 7/7
  2390 | D:3      | Reached skill level 1 in Invocations
  2527 | D:3      | Reached skill level 4 in Polearms
  3433 | D:3      | Learned a level 2 spell: Shroud of Golubria
  3649 | D:3      | Reached XP level 5. HP: 31/39 MP: 8/8
  3981 | D:4      | Found Basoll's Antique Armour Boutique.
  4163 | D:5      | Entered Level 5 of the Dungeon
  4225 | D:5      | Found Teghabun's Magic Scroll Boutique.
  4227 | D:5      | Reached ** piety under Nemelex Xobeh
  4236 | D:5      | Bought 2 scrolls of enchant armour for 150 gold pieces
  4395 | D:5      | Reached skill level 1 in Shields
  4395 | D:5      | Reached XP level 6. HP: 39/46 MP: 9/9
  4534 | D:5      | Reached skill level 5 in Polearms
  4777 | D:5      | Received a gift from Nemelex Xobeh
  4876 | D:5      | Found Hilut's General Store.
  5028 | D:5      | Found Qorchuese's Antique Weapon Shoppe.
  5146 | D:5      | Noticed Sigmund
  5157 | D:5      | Killed Sigmund
  5157 | D:5      | Reached XP level 7. HP: 52/52 MP: 6/11
  5213 | D:5      | Reached skill level 5 in Charms
  5401 | D:6      | Learned a level 3 spell: Regeneration
  5445 | D:6      | Found Biubot's General Store.
  5544 | D:6      | Noticed a troll
  5552 | D:6      | Killed a troll
  5552 | D:6      | Reached skill level 6 in Polearms
  5585 | D:6      | Got an ichor-stained mace
  5586 | D:6      | Identified the +11 mace of Vodka {speed, rN++ Str+4 Dex-4}
                  | (You found it on level 6 of the Dungeon)
  5695 | D:6      | Reached XP level 8. HP: 50/60 MP: 12/12
  5778 | D:6      | Found a staircase to the Ecumenical Temple.
  5784 | Temple   | Entered the Ecumenical Temple
  6014 | D:6      | Received a gift from Nemelex Xobeh
  6074 | D:6      | Bought a scroll of enchant weapon for 97 gold pieces
  6280 | D:6      | Learned a level 3 spell: Spectral Weapon
  6285 | D:7      | Reached *** piety under Nemelex Xobeh
  6535 | D:7      | Reached skill level 7 in Polearms
  6535 | D:7      | Reached skill level 5 in Dodging
  6643 | D:7      | Received a gift from Nemelex Xobeh
  6820 | D:7      | Received a gift from Nemelex Xobeh
  6990 | D:7      | Received a gift from Nemelex Xobeh
  7167 | D:7      | Found an ornate altar of the Wu Jian Council.
  7385 | D:7      | Reached XP level 9. HP: 45/66 MP: 14/14
  7734 | D:7      | Noticed a gargoyle
  7752 | D:7      | Killed a gargoyle
  7752 | D:7      | Reached skill level 8 in Polearms
  7812 | D:7      | Noticed a gargoyle
  7829 | D:7      | Killed a gargoyle
  7901 | D:7      | Noticed a gargoyle
  7913 | D:7      | Killed a gargoyle
  8040 | D:7      | Noticed a gargoyle
  8048 | D:7      | Killed a gargoyle
  8048 | D:7      | Reached skill level 5 in Fighting
  8245 | D:8      | Reached skill level 9 in Polearms
  8488 | D:8      | Reached XP level 10. HP: 71/74 MP: 16/16
  8521 | D:8      | Reached skill level 1 in Translocations
  8666 | D:8      | Found an iron altar of Okawaru.
  8937 | D:8      | Received a gift from Nemelex Xobeh
  9160 | D:9      | Reached **** piety under Nemelex Xobeh
  9563 | D:9      | Received a gift from Nemelex Xobeh
  9607 | D:9      | Reached skill level 10 in Polearms
  9607 | D:9      | Reached skill level 5 in Invocations
 10033 | D:10     | Entered Level 10 of the Dungeon
 10033 | D:10     | Noticed a gargoyle
 10044 | D:10     | Killed a gargoyle
 10072 | D:10     | Noticed Maurice
 10260 | D:10     | Killed Maurice
 10270 | D:10     | Got a pitted cloak
 10272 | D:10     | Identified the +0 cloak "Ygoneqad" {rN+} (You found it on
                  | level 10 of the Dungeon)
 10297 | D:10     | Noticed an orange demon
 10297 | D:10     | Noticed an orange demon
 10298 | D:10     | Noticed an orange demon
 10310 | D:10     | Reached skill level 5 in Spellcasting
 10311 | D:10     | Killed an orange demon
 10314 | D:10     | Noticed an orange demon
 10395 | D:11     | Found Huqirum's Magic Scroll Emporium.
 10440 | D:11     | Reached XP level 11. HP: 72/81 MP: 10/18
 10583 | D:11     | Noticed Snorg
 10601 | D:11     | Killed Snorg
 10601 | D:11     | Reached skill level 11 in Polearms
 10610 | D:11     | Reached skill level 5 in Shields
 10610 | D:11     | Reached skill level 1 in Hexes
 10640 | D:11     | Noticed Erica
 10666 | D:11     | Killed Erica
 10716 | D:11     | Noticed a centaur warrior
 10717 | D:11     | Noticed a cyclops
 10750 | D:11     | Noticed a centaur warrior
 10751 | D:11     | HP: 3/81 [freezing wraith (23)]
 10768 | D:11     | Shot with an arrow by a centaur warrior

Skill      XL: |  1  2  3  4  5  6  7  8  9 10 11 |
---------------+----------------------------------+-----
Dodging        | 3 4 5 6 7 |  7.7
Armour         | 1 2 3 4 |  4.0
Invocations    | 1 2 3 4 5 |  5.8
Polearms       | 4 5 6 7 9 10 11 | 11.2
Charms         | 4 5 6 7 8 |  8.2
Shields        | 1 2 3 4 5 |  5.1
Fighting       | 3 4 5 6 |  6.3
Spellcasting   | 3 4 5 |  5.3
Translocations | 2 |  2.4
Hexes          | 1 |  1.4

Action                   |  1- 3 |  4- 6 |  7- 9 | 10-12 || total
-------------------------+-------+-------+-------+-------++-------
Melee: Spear             |   155 |     1 |       |       ||   156
       Trident           |       |   223 |   239 |   308 ||   770
Throw: Stone             |       |     1 |       |       ||     1
 Cast: Infusion          |       |     1 |    13 |    11 ||    25
       Shroud of Golubri |       |       |       |     6 ||     6
       Song of Slaying   |       |       |       |     3 ||     3
 Abil: Draw Destruction  |     1 |       |    14 |     5 ||    20
       Draw Summoning    |       |       |     2 |     6 ||     8
       Draw Escape       |       |       |       |     6 ||     6
  Use: Scroll            |     2 |     7 |     6 |     3 ||    18
       Potion            |       |       |     4 |     5 ||     9
 Stab: Sleeping          |     1 |       |       |       ||     1
  Eat: Chunk             |     4 |     7 |     8 |     8 ||    27
       Ration            |       |     1 |     1 |       ||     2
Armor: Ring mail         |    57 |    74 |    86 |    98 ||   315
       Leather armour    |     5 |       |       |       ||     5
Dodge: Dodged            |    84 |   143 |   132 |   223 ||   582
Block: Buckler           |     8 |    45 |    45 |   106 ||   204
